IL
EL PASO CHIHUAHUAS @ GWINNETT BRAVES
10/25/2044
 
TOP OF THE 1ST
Tri-City Dust Devils batting - Pitching for Boise Hawks : RHP Edward Cadenhead
Pitching: RHP Edward Cadenhead
Batting: SHB Ryohei Nakano 0-0: Ball
1-0: Called Strike
1-1: Ball
2-1: Fly out, F4 (Popup, 4, EV 58.8 MPH)
Batting: RHB Rich Justice 0-0: Called Strike
0-1: Foul Ball, location: 2F
0-2: Strikes out looking
Batting: SHB Devin Hottenstein 0-0: Called Strike
0-1: Ball
1-1: Foul Ball, location: 2F
1-2: Ball
2-2: Ground out 4-3 (Groundball, 4, EV 105.6 MPH)
Top of the 1st over - 0 runs, 0 hits, 0 errors, 0 left on base; Tri-City 0 - Boise 0
BOTTOM OF THE 1ST
Boise Hawks batting - Pitching for Tri-City Dust Devils : RHP Carlos Sepulveda
Pitching: RHP Carlos Sepulveda
Batting: RHB Dennis Daniels 0-0: Swinging Strike
0-1: Ball
1-1: Called Strike
1-2: Strikes out looking
Batting: RHB Kennet Strijbis 0-0: Ball
1-0: Ball
2-0: Called Strike
2-1: Foul Ball, location: 2F
2-2: Ball
3-2: Base on Balls
Batting: RHB Devine Adams 0-0: Ball
1-0: Called Strike
Kennet Strijbis steals 2nd base
1-1: Ball
2-1: Ground out 5-3 (Groundball, 5, EV 88.1 MPH)
Batting: RHB Shelby Peddle 0-0: Called Strike
0-1: Ball
1-1: Ground out 4-3 (Groundball, 4M, EV 86.9 MPH)
Bottom of the 1st over - 0 runs, 0 hits, 0 errors, 1 left on base; Tri-City 0 - Boise 0
TOP OF THE 2ND
Tri-City Dust Devils batting - Pitching for Boise Hawks : RHP Edward Cadenhead
Batting: LHB James Sousa 0-0: Called Strike
0-1: Ball
1-1: Called Strike
1-2: Foul Ball, location: 2F
1-2: Strikes out looking
Batting: LHB Josh Slusarczyk 0-0: Called Strike
0-1: Swinging Strike
0-2: Strikes out looking
Batting: LHB Javy Portela 0-0: Ball
1-0: Ground out U3 (Groundball, 3L, EV 83.1 MPH)
Top of the 2nd over - 0 runs, 0 hits, 0 errors, 0 left on base; Tri-City 0 - Boise 0
BOTTOM OF THE 2ND
Boise Hawks batting - Pitching for Tri-City Dust Devils : RHP Carlos Sepulveda
Batting: LHB Dave Doughty 0-0: Ball
1-0: Called Strike
1-1: Called Strike
1-2: Hit by Pitch
Batting: RHB Alex Nash 0-0: Ball
1-0: Ball
2-0: Called Strike
2-1: Foul Ball, location: 2F
2-2: SINGLE (Line Drive, 8LS, EV 94.4 MPH)
Dave Doughty to second
Batting: LHB Jeremy Brammer 0-0: Swinging Strike
0-1: Ball
1-1: Swinging Strike
1-2: 3-RUN HOME RUN (Flyball, 9LD, EV 93.1 MPH), Distance : 351 ft
Batting: RHB Justin Williams 0-0: Ball
1-0: Ball
2-0: Ball
3-0: Base on Balls
Batting: RHB Eduardo Camacho 0-0: Hit by Pitch
Justin Williams to second
Batting: RHB Dennis Daniels 0-0: 3-RUN HOME RUN (Flyball, 7D, EV 103.8 MPH), Distance : 385 ft
Pitching: LHP Logan Faulkner
Batting: RHB Kennet Strijbis 0-0: Called Strike
0-1: Swinging Strike
0-2: Ball
1-2: Foul Ball, location: 2F
1-2: Ground out U3 (Groundball, 3L, EV 102.5 MPH)
Batting: RHB Devine Adams 0-0: Called Strike
0-1: Ground out 6-3 (Groundball, 6, EV 83.1 MPH)
Batting: RHB Shelby Peddle 0-0: Called Strike
0-1: Foul Ball, location: 2F
0-2: Ball
1-2: DOUBLE (Groundball, 5L, EV 101.2 MPH)
Batting: LHB Dave Doughty 0-0: Ground out 1-3 (Groundball, 15S, EV 75.0 MPH)
Bottom of the 2nd over - 6 runs, 4 hits, 0 errors, 1 left on base; Tri-City 0 - Boise 6
TOP OF THE 3RD
Tri-City Dust Devils batting - Pitching for Boise Hawks : RHP Edward Cadenhead
Batting: LHB Tsutomu Miyahara 0-0: Ground out U3 (Groundball, 3, EV 88.8 MPH)
Batting: RHB Chang-soo Oe 0-0: Ball
1-0: Fly out, F9 (Flyball, 9, EV 88.8 MPH)
Batting: RHB Tom Tate 0-0: Called Strike
0-1: Swinging Strike
0-2: Ball
1-2: Strikes out swinging
Top of the 3rd over - 0 runs, 0 hits, 0 errors, 0 left on base; Tri-City 0 - Boise 6
BOTTOM OF THE 3RD
Boise Hawks batting - Pitching for Tri-City Dust Devils : LHP Logan Faulkner
Batting: RHB Alex Nash 0-0: Ball
1-0: Swinging Strike
1-1: Ball
2-1: Ball
3-1: Foul Ball, location: 2F
3-2: Ground out 6-3 (Groundball, 6, EV 81.9 MPH)
Batting: LHB Jeremy Brammer 0-0: Ball
1-0: Swinging Strike
1-1: Ball
2-1: Ball
3-1: Foul Ball, location: 2F
3-2: Ground out 4-3 (Groundball, 4M, EV 95.6 MPH)
Batting: RHB Justin Williams 0-0: Fly out, F8 (Flyball, 8LM, EV 91.9 MPH)
Bottom of the 3rd over - 0 runs, 0 hits, 0 errors, 0 left on base; Tri-City 0 - Boise 6
TOP OF THE 4TH
Tri-City Dust Devils batting - Pitching for Boise Hawks : RHP Edward Cadenhead
Batting: SHB Ryohei Nakano 0-0: Foul Ball, location: 2F
0-1: Foul Ball, location: 2F
0-2: DOUBLE (Flyball, 8LXD, EV 93.8 MPH)
Batting: RHB Rich Justice 0-0: Foul Ball, location: 2F
0-1: Foul Ball, location: 2F
0-2: Strikes out looking
Batting: SHB Devin Hottenstein 0-0: Called Strike
0-1: Ball
1-1: Ball
2-1: Ball
3-1: Base on Balls
Batting: LHB James Sousa 0-0: Swinging Strike
0-1: Swinging Strike
0-2: Ball
1-2: Ball
2-2: Strikes out swinging
Batting: LHB Josh Slusarczyk 0-0: Called Strike
0-1: Foul Ball, location: 2F
0-2: Ball
1-2: Strikes out swinging
Top of the 4th over - 0 runs, 1 hit, 0 errors, 2 left on base; Tri-City 0 - Boise 6
BOTTOM OF THE 4TH
Boise Hawks batting - Pitching for Tri-City Dust Devils : LHP Logan Faulkner
Batting: RHB Eduardo Camacho 0-0: Ball
1-0: Called Strike
1-1: Swinging Strike
1-2: Foul Ball, location: 2F
1-2: Foul Ball, location: 2F
1-2: Ball
2-2: Ball
3-2: DOUBLE (Line Drive, 78D, EV 107.5 MPH)
Batting: RHB Dennis Daniels 0-0: Called Strike
Eduardo Camacho steals 3rd base
0-1: Foul Ball, location: 2F
0-2: SINGLE (Groundball, 34D, EV 106.2 MPH)
Eduardo Camacho scores
Batting: RHB Kennet Strijbis 0-0: Called Strike
Dennis Daniels steals 2nd base
0-1: Ball
1-1: Ball
Balk!
Dennis Daniels to third
2-1: Ball
3-1: Called Strike
3-2: Base on Balls
Batting: RHB Devine Adams 0-0: Foul Ball, location: 2F
0-1: Ball
1-1: Ball
2-1: Fly out, F7 (Flyball, 7LM, EV 104.4 MPH)
Runner from 3rd tags up, SCORES, throw by LF
Pitching: RHP Scott Gillis
Batting: RHB Shelby Peddle 0-0: Fly out, F4 (Line Drive, 4, EV 69.4 MPH)
Batting: LHB Dave Doughty 0-0: Ball
1-0: Foul Ball, location: 2F
1-1: Swinging Strike
1-2: Ground out 5-3 (Groundball, 56S, EV 91.2 MPH)
Bottom of the 4th over - 2 runs, 2 hits, 0 errors, 1 left on base; Tri-City 0 - Boise 8
TOP OF THE 5TH
Tri-City Dust Devils batting - Pitching for Boise Hawks : RHP Edward Cadenhead
Batting: LHB Javy Portela 0-0: Foul Ball, location: 2F
0-1: Called Strike
0-2: Strikes out swinging
Batting: LHB Tsutomu Miyahara 0-0: DOUBLE (Line Drive, 5D, EV 93.8 MPH)
Batting: RHB Chang-soo Oe 0-0: Ball
1-0: Ground out 6-3 (Groundball, 6, EV 83.1 MPH)
Tsutomu Miyahara to third
Batting: RHB Tom Tate 0-0: Called Strike
0-1: Foul Ball, location: 2F
0-2: Ball
1-2: Ball
2-2: Fly out, F3 (Line Drive, 3, EV 65.0 MPH)
Top of the 5th over - 0 runs, 1 hit, 0 errors, 1 left on base; Tri-City 0 - Boise 8
BOTTOM OF THE 5TH
Boise Hawks batting - Pitching for Tri-City Dust Devils : RHP Scott Gillis
Batting: RHB Alex Nash 0-0: Ball
1-0: Ball
2-0: Ball
3-0: Foul Ball, location: 2F
3-1: Base on Balls
Batting: LHB Jeremy Brammer 0-0: Fly out, F9 (Line Drive, 9, EV 96.2 MPH)
Batting: RHB Justin Williams 0-0: Foul Ball, location: 2F
0-1: Swinging Strike
0-2: Foul Ball, location: 2F
0-2: Ball
1-2: Ball
2-2: Strikes out swinging
Batting: RHB Eduardo Camacho 0-0: TRIPLE (Groundball, 5L, EV 98.8 MPH)
Alex Nash scores
Batting: RHB Dennis Daniels 0-0: Ball
1-0: Called Strike
1-1: Ball
2-1: Hit by Pitch
Batting: RHB Kennet Strijbis 0-0: Foul Ball, location: 2F
0-1: Foul Ball, location: 2F
0-2: Ball
1-2: Foul Ball, location: 2F
1-2: Ball
2-2: Foul Ball, location: 2F
2-2: Ball
3-2: Base on Balls
Dennis Daniels to second
Batting: RHB Devine Adams 0-0: Ball
1-0: Foul Ball, location: 2F
1-1: Fly out, F7 (Flyball, 7D, EV 100.0 MPH)
Bottom of the 5th over - 1 run, 1 hit, 0 errors, 3 left on base; Tri-City 0 - Boise 9
TOP OF THE 6TH
Tri-City Dust Devils batting - Pitching for Boise Hawks : RHP Edward Cadenhead
Batting: SHB Ryohei Nakano 0-0: Foul Ball, location: 2F
0-1: Swinging Strike
0-2: Ball
1-2: Foul Ball, location: 2F
1-2: Fly out, F6 (Popup, 6MS, EV 78.8 MPH)
Batting: RHB Rich Justice 0-0: Ground out U3 (Groundball, 34, EV 84.4 MPH)
Batting: SHB Devin Hottenstein 0-0: Ball
1-0: Ground out 4-3 (Groundball, 4, EV 83.1 MPH)
Top of the 6th over - 0 runs, 0 hits, 0 errors, 0 left on base; Tri-City 0 - Boise 9
BOTTOM OF THE 6TH
Boise Hawks batting - Pitching for Tri-City Dust Devils : RHP Scott Gillis
Batting: RHB Shelby Peddle 0-0: SOLO HOME RUN (Flyball, 78XD, EV 102.5 MPH), Distance : 419 ft
Pitching: LHP Katsuhito Tsuda
Batting: LHB Dave Doughty 0-0: Called Strike
0-1: Ball
1-1: Swinging Strike
1-2: Strikes out swinging
Batting: RHB Alex Nash 0-0: Ball
1-0: Ball
2-0: Ball
3-0: Called Strike
3-1: Base on Balls
Batting: LHB Jeremy Brammer 0-0: Foul Ball, location: 2F
0-1: Swinging Strike
0-2: Strikes out swinging
Batting: RHB Justin Williams 0-0: Ball
Wild Pitch!
Alex Nash to second
1-0: Swinging Strike
1-1: Fly out, F9 (Flyball, 89D, EV 77.5 MPH)
Bottom of the 6th over - 1 run, 1 hit, 0 errors, 1 left on base; Tri-City 0 - Boise 10
TOP OF THE 7TH
Tri-City Dust Devils batting - Pitching for Boise Hawks : RHP Edward Cadenhead
Batting: LHB James Sousa 0-0: Ball
1-0: Ball
2-0: Foul Ball, location: 2F
2-1: Called Strike
2-2: Strikes out swinging
Batting: LHB Josh Slusarczyk 0-0: Called Strike
0-1: Called Strike
0-2: Strikes out swinging
Batting: LHB Javy Portela 0-0: Foul Ball, location: 2F
0-1: Ball
1-1: Swinging Strike
1-2: Strikes out swinging
Top of the 7th over - 0 runs, 0 hits, 0 errors, 0 left on base; Tri-City 0 - Boise 10
BOTTOM OF THE 7TH
Boise Hawks batting - Pitching for Tri-City Dust Devils : LHP Katsuhito Tsuda
Batting: RHB Eduardo Camacho 0-0: Ball
1-0: Foul Ball, location: 2F
1-1: Ball
2-1: Foul Ball, location: 2F
2-2: Strikes out swinging
Batting: RHB Dennis Daniels 0-0: Swinging Strike
0-1: SINGLE (Flyball, 3D, EV 92.5 MPH)
Batting: RHB Kennet Strijbis 0-0: Ball
1-0: Ball
2-0: Called Strike
2-1: SINGLE (Groundball, 4M, EV 82.5 MPH) (infield hit)
Dennis Daniels to second
Batting: RHB Devine Adams 0-0: Ball
1-0: Ball
2-0: Ball
3-0: Called Strike
3-1: Base on Balls
Dennis Daniels to third
Kennet Strijbis to second
Batting: RHB Shelby Peddle 0-0: SINGLE (Flyball, 7S, EV 97.5 MPH)
Dennis Daniels scores
Kennet Strijbis to third
Devine Adams to second
Batting: LHB Dave Doughty 0-0: Ball
1-0: Ball
2-0: Called Strike
2-1: Ball
3-1: Foul Ball, location: 2F
3-2: Foul Ball, location: 2F
3-2: Foul Ball, location: 2F
3-2: Base on Balls
Kennet Strijbis scores
Devine Adams to third
Shelby Peddle to second
Batting: RHB Alex Nash 0-0: Ball
1-0: Ball
2-0: Foul Ball, location: 2F
2-1: Ball
3-1: Called Strike
3-2: Base on Balls
Devine Adams scores
Shelby Peddle to third
Dave Doughty to second
Pitching: LHP Eddie Saucedo
Batting: LHB Jeremy Brammer 0-0: Swinging Strike
0-1: Ball
1-1: Ball
2-1: Foul Ball, location: 2F
2-2: Foul Ball, location: 2F
2-2: Ball
3-2: Foul Ball, location: 2F
3-2: Foul Ball, location: 2F
3-2: Foul Ball, location: 2F
3-2: Base on Balls
Shelby Peddle scores
Dave Doughty to third
Alex Nash to second
Batting: RHB Justin Williams 0-0: Ball
1-0: Called Strike
1-1: Ball
2-1: Foul Ball, location: 2F
2-2: Strikes out looking
Batting: RHB Eduardo Camacho 0-0: Ball
1-0: Foul Ball, location: 2F
1-1: Ball
2-1: Ball
3-1: Swinging Strike
3-2: Base on Balls
Dave Doughty scores
Alex Nash to third
Jeremy Brammer to second
Batting: RHB Dennis Daniels 0-0: Ground out U3 (Groundball, 3S, EV 71.2 MPH)
Bottom of the 7th over - 5 runs, 3 hits, 0 errors, 3 left on base; Tri-City 0 - Boise 15
TOP OF THE 8TH
Tri-City Dust Devils batting - Pitching for Boise Hawks : RHP Edward Cadenhead
Batting: LHB Tsutomu Miyahara 0-0: Called Strike
0-1: Swinging Strike
0-2: Strikes out swinging, 2-3 out at first.
Batting: RHB Chang-soo Oe 0-0: Called Strike
0-1: Ground out 5-3 (Groundball, 56S, EV 83.8 MPH)
Batting: RHB Tom Tate 0-0: Called Strike
0-1: Ball
1-1: Foul Ball, location: 2F
1-2: SINGLE (Groundball, 4MS, EV 70.6 MPH) (infield hit)
Batting: SHB Ryohei Nakano 0-0: Called Strike
0-1: Ball
1-1: Called Strike
1-2: Strikes out swinging
Top of the 8th over - 0 runs, 1 hit, 0 errors, 1 left on base; Tri-City 0 - Boise 15
BOTTOM OF THE 8TH
Boise Hawks batting - Pitching for Tri-City Dust Devils : LHP Eddie Saucedo
Batting: RHB Kennet Strijbis 0-0: Foul Ball, location: 2F
0-1: Ball
1-1: Swinging Strike
1-2: Strikes out looking
Batting: RHB Devine Adams 0-0: Called Strike
0-1: Ground out 2-3 (Groundball, 13S, EV 64.4 MPH)
Batting: RHB Shelby Peddle 0-0: Ball
1-0: Foul Ball, location: 2F
1-1: Foul Ball, location: 2F
1-2: Foul Ball, location: 2F
1-2: Fly out, F4 (Popup, 34D, EV 43.8 MPH)
Bottom of the 8th over - 0 runs, 0 hits, 0 errors, 0 left on base; Tri-City 0 - Boise 15
TOP OF THE 9TH
Tri-City Dust Devils batting - Pitching for Boise Hawks : RHP Edward Cadenhead
Batting: RHB Rich Justice 0-0: Swinging Strike
0-1: Ball
1-1: Ground out 6-3 (Groundball, 6S, EV 69.4 MPH)
Batting: SHB Devin Hottenstein 0-0: Ball
1-0: Foul Ball, location: 2F
1-1: Ball
2-1: Ground out 4-3 (Groundball, 13, EV 83.1 MPH)
Batting: LHB James Sousa 0-0: Ground out 4-3 (Groundball, 4, EV 91.2 MPH)
Top of the 9th over - 0 runs, 0 hits, 0 errors, 0 left on base; Tri-City 0 - Boise 15
Thursday, March 31st , 2022 - OOTP Baseball 22.12 Build 89